TOP OF THE 1ST |
---|
Indianapolis HS Chaos batting - Pitching for Jackson HS Swamp Bats : LHP Jim Pierce | Pitching: LHP Jim Pierce | | Batting: LHB Jason Hudson | 0-0: Ball 1-0: Ball 2-0: Ball 3-0: Base on Balls | Batting: RHB Brian Carriaga | 0-0: Called Strike 0-1: Ball 1-1: Grounds into double play, 4-6-3 (Groundball, 4) | Batting: RHB Bryan Reed | 0-0: Called Strike 0-1: Ball 1-1: Called Strike 1-2: Foul Ball, location: 2F 1-2: SINGLE (Line Drive, 78S) | Batting: RHB Andy Norris | 0-0: Called Strike Bryan Reed steals 2nd base 0-1: Called Strike 0-2: Strikes out swinging | Top of the 1st over - 0 runs, 1 hit, 0 errors, 1 left on base; Indianapolis HS 0 - Jackson HS 0 | BOTTOM OF THE 1ST |
---|
Jackson HS Swamp Bats batting - Pitching for Indianapolis HS Chaos : RHP Jeffrey Weeks | Pitching: RHP Jeffrey Weeks | | Batting: RHB Julián García | 0-0: Ball 1-0: Ground out 5-3 (Groundball, 56) | Batting: RHB Kevin Wilson | 0-0: Ball 1-0: Ball 2-0: Ball 3-0: Called Strike 3-1: Foul Ball, location: 2F 3-2: Base on Balls | Batting: RHB Jeremy Gibbs | 0-0: Ball 1-0: Called Strike 1-1: Ball 2-1: Foul Ball, location: 2F 2-2: Strikes out swinging | Batting: RHB Gabriel Vargas | 0-0: Ball 1-0: Called Strike 1-1: Foul Ball, location: 2F 1-2: SINGLE (Line Drive, 6MD) Kevin Wilson to second | Batting: RHB Russell Ferguson | 0-0: Fly out, F9 (Flyball, 9LM) | Bottom of the 1st over - 0 runs, 1 hit, 0 errors, 2 left on base; Indianapolis HS 0 - Jackson HS 0 | TOP OF THE 2ND |
---|
Indianapolis HS Chaos batting - Pitching for Jackson HS Swamp Bats : LHP Jim Pierce | Batting: LHB Chris Russell | 0-0: Called Strike 0-1: Swinging Strike 0-2: Ball 1-2: Ball 2-2: SOLO HOME RUN (Flyball, 9D), Distance : 374 ft | Batting: RHB Jonathan Thompson | 0-0: Ball 1-0: Foul Ball, location: 2F 1-1: SINGLE (Line Drive, 5) | Batting: SHB Jimmy Bullock | 0-0: 2-RUN HOME RUN (Flyball, 78XD), Distance : 408 ft | Batting: LHB José Alonzo | 0-0: Ball 1-0: Foul Ball, location: 2F 1-1: Swinging Strike 1-2: Strikes out swinging | Batting: RHB Héctor Núñez | 0-0: Ground out 4-3 (Groundball, 4) | Batting: LHB Jason Hudson | 0-0: Ball 1-0: Called Strike 1-1: Ground out 5-3 (Groundball, 56S) | Top of the 2nd over - 3 runs, 3 hits, 0 errors, 0 left on base; Indianapolis HS 3 - Jackson HS 0 | BOTTOM OF THE 2ND |
---|
Jackson HS Swamp Bats batting - Pitching for Indianapolis HS Chaos : RHP Jeffrey Weeks | Batting: RHB Ken Case | 0-0: Called Strike 0-1: Ball 1-1: Swinging Strike 1-2: Strikes out looking | Batting: RHB Brendon Bachman | 0-0: Ball 1-0: Swinging Strike 1-1: Swinging Strike 1-2: Strikes out looking | Batting: LHB Harry McAndrew | 0-0: SINGLE (Line Drive, 4M) | Batting: RHB Mark May | 0-0: Foul Ball, location: 2F 0-1: Ball 1-1: Ball 2-1: Ball 3-1: Called Strike 3-2: Base on Balls Harry McAndrew to second | Batting: RHB Julián García | 0-0: Ball 1-0: Ball 2-0: Called Strike 2-1: Ball 3-1: Foul Ball, location: 2F 3-2: Strikes out looking | Bottom of the 2nd over - 0 runs, 1 hit, 0 errors, 2 left on base; Indianapolis HS 3 - Jackson HS 0 | TOP OF THE 3RD |
---|
Indianapolis HS Chaos batting - Pitching for Jackson HS Swamp Bats : LHP Jim Pierce | Batting: RHB Brian Carriaga | 0-0: Called Strike 0-1: Ball 1-1: Foul Ball, location: 2F 1-2: Fly out, F4 (Line Drive, 4) | Batting: RHB Bryan Reed | 0-0: Called Strike 0-1: Ball 1-1: Ball 2-1: Called Strike 2-2: Ground out 5-3 (Groundball, 56) | Batting: RHB Andy Norris | 0-0: SINGLE (Line Drive, 8LS) | Batting: LHB Chris Russell | 0-0: Ball 1-0: Ball 2-0: Swinging Strike 2-1: Ball 3-1: Base on Balls Andy Norris to second | Batting: RHB Jonathan Thompson | 0-0: Swinging Strike 0-1: Swinging Strike 0-2: Strikes out swinging | Top of the 3rd over - 0 runs, 1 hit, 0 errors, 2 left on base; Indianapolis HS 3 - Jackson HS 0 | BOTTOM OF THE 3RD |
---|
Jackson HS Swamp Bats batting - Pitching for Indianapolis HS Chaos : RHP Jeffrey Weeks | Batting: RHB Kevin Wilson | 0-0: Foul Ball, location: 2F 0-1: Ball 1-1: Foul Ball, location: 2F 1-2: Ball 2-2: SINGLE (Groundball, 56D) | Batting: RHB Jeremy Gibbs | 0-0: Called Strike 0-1: Ball Kevin Wilson is caught stealing 2nd base 1-1: Called Strike 1-2: Ball 2-2: Strikes out swinging | Batting: RHB Gabriel Vargas | 0-0: Ball 1-0: Ball 2-0: Foul Ball, location: 2F 2-1: Foul Ball, location: 2F 2-2: Foul Ball, location: 2F 2-2: Ground out 4-3 (Groundball, 4) | Bottom of the 3rd over - 0 runs, 1 hit, 0 errors, 0 left on base; Indianapolis HS 3 - Jackson HS 0 | TOP OF THE 4TH |
---|
Indianapolis HS Chaos batting - Pitching for Jackson HS Swamp Bats : LHP Jim Pierce | Batting: SHB Jimmy Bullock | 0-0: Ball 1-0: Ball 2-0: Called Strike 2-1: Swinging Strike 2-2: Foul Ball, location: 2F 2-2: Strikes out swinging | Batting: LHB José Alonzo | 0-0: Called Strike 0-1: Ball 1-1: Ball 2-1: SOLO HOME RUN (Flyball, 9LD), Distance : 343 ft | Batting: RHB Héctor Núñez | 0-0: SINGLE (Groundball, 34D) | Batting: LHB Jason Hudson | 0-0: Called Strike 0-1: Fly out, F7 (Flyball, 78D) | Batting: RHB Brian Carriaga | 0-0: Fielders Choice at 2nd, U4 (Groundball, 4M) | Top of the 4th over - 1 run, 2 hits, 0 errors, 1 left on base; Indianapolis HS 4 - Jackson HS 0 | BOTTOM OF THE 4TH |
---|
Jackson HS Swamp Bats batting - Pitching for Indianapolis HS Chaos : RHP Jeffrey Weeks | Batting: RHB Russell Ferguson | 0-0: Ball 1-0: Ball 2-0: Ball 3-0: Base on Balls | Batting: RHB Ken Case | 0-0: Ball 1-0: Ball 2-0: Foul Ball, location: 2F 2-1: Ball 3-1: Called Strike 3-2: Grounds into double play, 6-4-3 (Groundball, 6) | Batting: RHB Brendon Bachman | 0-0: Ball 1-0: Ground out 5-3 (Groundball, 56) | Bottom of the 4th over - 0 runs, 0 hits, 0 errors, 0 left on base; Indianapolis HS 4 - Jackson HS 0 | TOP OF THE 5TH |
---|
Indianapolis HS Chaos batting - Pitching for Jackson HS Swamp Bats : LHP Jim Pierce | Batting: RHB Bryan Reed | 0-0: Called Strike 0-1: Called Strike 0-2: Ball 1-2: Strikes out looking | Batting: RHB Andy Norris | 0-0: Ball 1-0: Foul Ball, location: 2F 1-1: Ball 2-1: Called Strike 2-2: Ball 3-2: Base on Balls | Batting: LHB Chris Russell | 0-0: Foul Ball, location: 2F 0-1: Ball 1-1: Fielders Choice at 2nd, 1-4 (Groundball, 15) | Batting: RHB Jonathan Thompson | 0-0: Ball 1-0: Called Strike 1-1: Ball 2-1: DOUBLE (Line Drive, 7) Chris Russell to third | Pitching: LHP Chris Spence | | Batting: SHB Jimmy Bullock | 0-0: Ball 1-0: Fly out, F4 (Line Drive, 4M) | Top of the 5th over - 0 runs, 1 hit, 0 errors, 2 left on base; Indianapolis HS 4 - Jackson HS 0 | BOTTOM OF THE 5TH |
---|
Jackson HS Swamp Bats batting - Pitching for Indianapolis HS Chaos : RHP Jeffrey Weeks | Batting: LHB Harry McAndrew | 0-0: Fly out, F7 (Flyball, 78D) | Batting: RHB Mark May | 0-0: SOLO HOME RUN (Flyball, 7LD), Distance : 334 ft | Batting: RHB Julián García | 0-0: Called Strike 0-1: Ball 1-1: SINGLE (Line Drive, 34D) | Batting: RHB Kevin Wilson | 0-0: Called Strike Julián García steals 2nd base 0-1: Called Strike 0-2: Ground out U3 (Groundball, 34) Julián García to third | Batting: RHB Jeremy Gibbs | 0-0: Ball 1-0: SINGLE (Line Drive, 34D) Julián García scores | Batting: RHB Gabriel Vargas | 0-0: Called Strike 0-1: Ball 1-1: Foul Ball, location: 2F 1-2: Strikes out swinging, 2-3 out at first. | Bottom of the 5th over - 2 runs, 3 hits, 0 errors, 1 left on base; Indianapolis HS 4 - Jackson HS 2 | TOP OF THE 6TH |
---|
Indianapolis HS Chaos batting - Pitching for Jackson HS Swamp Bats : LHP Chris Spence | Batting: LHB José Alonzo | 0-0: Foul Ball, location: 2F 0-1: Called Strike 0-2: Foul Ball, location: 2F 0-2: Ground out U3 (Groundball, 3) | Batting: RHB Héctor Núñez | 0-0: Foul Ball, location: 2F 0-1: Ball 1-1: Fly out, F3 (Flyball, 34D) | Batting: LHB Jason Hudson | 0-0: Ball 1-0: Ball 2-0: Ball 3-0: Base on Balls | Batting: RHB Brian Carriaga | 0-0: Called Strike 0-1: Foul Ball, location: 2F 0-2: Ball 1-2: SINGLE (Groundball, 4MD) Jason Hudson to second Runner from 2nd tries for 3rd, SAFE, throw made to third | Batting: RHB Bryan Reed | 0-0: Ball 1-0: Ball 2-0: SINGLE (Groundball, 34D) Jason Hudson scores Brian Carriaga to second Runner from 2nd tries for 3rd, SAFE, throw made at trailing runner, OUT! | Top of the 6th over - 1 run, 2 hits, 0 errors, 1 left on base; Indianapolis HS 5 - Jackson HS 2 | BOTTOM OF THE 6TH |
---|
Jackson HS Swamp Bats batting - Pitching for Indianapolis HS Chaos : RHP Jeffrey Weeks | Pitching: RHP Jeff Walker | | Batting: RHB Russell Ferguson | 0-0: Foul Ball, location: 2F 0-1: Called Strike 0-2: Ball 1-2: Ball 2-2: Foul Ball, location: 2F 2-2: Ball 3-2: Foul Ball, location: 2F 3-2: Base on Balls | Batting: RHB Ken Case | 0-0: Fly out, F9 (Flyball, 9LMF) | Batting: RHB Brendon Bachman | 0-0: Ball 1-0: Called Strike 1-1: Ball 2-1: Ball 3-1: Base on Balls Russell Ferguson to second | Batting: LHB Harry McAndrew | 0-0: Ball 1-0: SINGLE (Groundball, 6MD) Russell Ferguson to third Brendon Bachman to second Runner from 3rd tries for Home, throw and OUT! | Batting: RHB Mark May | 0-0: Ball 1-0: Fly out, F4 (Line Drive, 4) | Bottom of the 6th over - 0 runs, 1 hit, 0 errors, 2 left on base; Indianapolis HS 5 - Jackson HS 2 | TOP OF THE 7TH |
---|
Indianapolis HS Chaos batting - Pitching for Jackson HS Swamp Bats : LHP Chris Spence | Batting: RHB Andy Norris | 0-0: Ball 1-0: Ball 2-0: SINGLE (Flyball, 7LS) | Batting: LHB Chris Russell | 0-0: Ball 1-0: Swinging Strike 1-1: SINGLE (Groundball, 6MD) Andy Norris to second | Batting: RHB Jonathan Thompson | 0-0: Called Strike 0-1: Bunted foul 0-2: Reached on error, E6 (Groundball, 6) Andy Norris to third Chris Russell to second | Batting: SHB Jimmy Bullock | 0-0: Ball 1-0: Foul Ball, location: 2F 1-1: Ball 2-1: Foul Ball, location: 2F 2-2: Grounds into fielders choice 6-2 (Groundball, 6M) Chris Russell to third Jonathan Thompson to second | Pinch Hitting: RHB Eric Pierce | 0-0: Called Strike 0-1: Ball 1-1: Swinging Strike 1-2: Strikes out looking | Batting: RHB Héctor Núñez | 0-0: Fielders Choice at 2nd, 6-4 (Groundball, 6) | Top of the 7th over - 0 runs, 2 hits, 1 error, 3 left on base; Indianapolis HS 5 - Jackson HS 2 | BOTTOM OF THE 7TH |
---|
Jackson HS Swamp Bats batting - Pitching for Indianapolis HS Chaos : RHP Jeff Walker | Now in LF: Warren Norton | | Batting: RHB Julián García | 0-0: Called Strike 0-1: Swinging Strike 0-2: Fly out, F8 (Flyball, 8LXD) | Batting: RHB Kevin Wilson | 0-0: Called Strike 0-1: Ball 1-1: Ball 2-1: Foul Ball, location: 2F 2-2: Strikes out looking | Batting: RHB Jeremy Gibbs | 0-0: Called Strike 0-1: Foul Ball, location: 2F 0-2: Ball 1-2: Ball 2-2: Foul Ball, location: 2F 2-2: Ball 3-2: Foul Ball, location: 2F 3-2: Base on Balls | Batting: RHB Gabriel Vargas | 0-0: Called Strike 0-1: Foul Ball, location: 2F 0-2: Foul Ball, location: 2F 0-2: Ball 1-2: Foul Ball, location: 2F 1-2: SINGLE (Groundball, 56D) Jeremy Gibbs to second | Batting: RHB Russell Ferguson | 0-0: Called Strike 0-1: SINGLE (Groundball, 56D) Jeremy Gibbs to third Gabriel Vargas to second Runner from 3rd tries for Home, SAFE, throw made home | Batting: RHB Ken Case | 0-0: Called Strike 0-1: Ball 1-1: Ball 2-1: Ball 3-1: Foul Ball, location: 2F 3-2: DOUBLE (Line Drive, 7D) Gabriel Vargas scores Russell Ferguson to third Russell Ferguson scores | Pitching: RHP Norm Bradshaw | | Batting: RHB Brendon Bachman | 0-0: Called Strike 0-1: Ball 1-1: Ball 2-1: Foul Ball, location: 2F 2-2: Ball 3-2: Base on Balls | Batting: LHB Harry McAndrew | 0-0: Foul Ball, location: 2F 0-1: Swinging Strike Passed Ball! Ken Case to third Brendon Bachman to second 0-2: Strikes out swinging | Bottom of the 7th over - 3 runs, 3 hits, 0 errors, 2 left on base; Indianapolis HS 5 - Jackson HS 5 | TOP OF THE 8TH |
---|
Indianapolis HS Chaos batting - Pitching for Jackson HS Swamp Bats : LHP Chris Spence | Batting: LHB Jason Hudson | 0-0: Called Strike 0-1: Ball 1-1: Ball 2-1: Foul Ball, location: 2F 2-2: Fly out, F6 (Popup, 6D) | Batting: RHB Brian Carriaga | 0-0: Ball 1-0: Ball 2-0: Foul Ball, location: 2F 2-1: Ball 3-1: Base on Balls | Pitching: RHP Dudley Simmons | | Batting: RHB Bryan Reed | 0-0: Ball 1-0: Ball 2-0: Ball 3-0: Called Strike 3-1: Foul Ball, location: 2F 3-2: Strikes out looking | Batting: RHB Andy Norris | 0-0: Called Strike 0-1: SINGLE (Groundball, 6MD) Brian Carriaga to second | Pitching: LHP John Harris | | Batting: LHB Chris Russell | 0-0: Ball 1-0: Ball 2-0: Ball 3-0: Called Strike 3-1: Foul Ball, location: 2F 3-2: Foul Ball, location: 2F 3-2: Fly out, F3 (Line Drive, 3) | Top of the 8th over - 0 runs, 1 hit, 0 errors, 2 left on base; Indianapolis HS 5 - Jackson HS 5 | BOTTOM OF THE 8TH |
---|
Jackson HS Swamp Bats batting - Pitching for Indianapolis HS Chaos : RHP Norm Bradshaw | Pinch Hitting: RHB Jonathan Smith | 0-0: Ball 1-0: Ball 2-0: Ball 3-0: Base on Balls | Batting: RHB Julián García | 0-0: Fly out, F4 (Line Drive, 34) | Batting: RHB Kevin Wilson | 0-0: Ball 1-0: Fly out, F9 (Flyball, 9LSF) | Batting: RHB Jeremy Gibbs | 0-0: Ball 1-0: 2-RUN HOME RUN (Flyball, 7LD), Distance : 339 ft | Pitching: LHP Johnny Mendoza | | Batting: RHB Gabriel Vargas | 0-0: SINGLE (Line Drive, 4MD) | Batting: RHB Russell Ferguson | 0-0: DOUBLE (Flyball, 89XD) Gabriel Vargas to third Runner from 3rd tries for Home, SAFE, no throw | Batting: RHB Ken Case | 0-0: Foul Ball, location: 2F 0-1: Ball 1-1: Foul Ball, location: 2F 1-2: Ball 2-2: Strikes out looking | Bottom of the 8th over - 3 runs, 3 hits, 0 errors, 1 left on base; Indianapolis HS 5 - Jackson HS 8 | TOP OF THE 9TH |
---|
Indianapolis HS Chaos batting - Pitching for Jackson HS Swamp Bats : LHP John Harris | Pitching: RHP Peter Poe | | Now at SS: Jonathan Smith | | Batting: RHB Jonathan Thompson | 0-0: Ball 1-0: Ball 2-0: Ball 3-0: Base on Balls | Batting: SHB Jimmy Bullock | 0-0: SINGLE (Groundball, 2L) (infield hit) Jonathan Thompson to second | Batting: RHB Warren Norton | 0-0: Ball 1-0: Ball 2-0: Ball 3-0: Base on Balls Jonathan Thompson to third Jimmy Bullock to second | Batting: RHB Héctor Núñez | 0-0: Fly out, F9 (Line Drive, 89M) Runner from 3rd tags up, SCORES, no throw | Batting: LHB Jason Hudson | 0-0: Ball 1-0: Ball 2-0: Ball 3-0: Called Strike 3-1: Swinging Strike 3-2: Fly out, F7 (Flyball, 7D) | Batting: RHB Brian Carriaga | 0-0: Ball 1-0: Called Strike 1-1: SINGLE (Groundball, 56D) Jimmy Bullock to third Warren Norton to second | Batting: RHB Bryan Reed | 0-0: Called Strike 0-1: SINGLE (Line Drive, 8LS) Jimmy Bullock scores Warren Norton to third Brian Carriaga to second Runner from 3rd tries for Home, SAFE, throw made at trailing runner, OUT at third! | Top of the 9th over - 3 runs, 3 hits, 0 errors, 1 left on base; Indianapolis HS 8 - Jackson HS 8 | BOTTOM OF THE 9TH |
---|
Jackson HS Swamp Bats batting - Pitching for Indianapolis HS Chaos : LHP Johnny Mendoza | Batting: RHB Brendon Bachman | 0-0: Swinging Strike 0-1: Ball 1-1: Ground out 1-3 (Groundball, 13) | Batting: LHB Harry McAndrew | 0-0: Called Strike 0-1: Fly out, F9 (Flyball, 9S) | Batting: RHB Jonathan Smith | 0-0: Ball 1-0: SINGLE (Flyball, 7S) | Batting: RHB Julián García | 0-0: Ball 1-0: Ball 2-0: Fly out, F6 (Line Drive, 6M) | Bottom of the 9th over - 0 runs, 1 hit, 0 errors, 1 left on base; Indianapolis HS 8 - Jackson HS 8 | TOP OF THE 10TH |
---|
Indianapolis HS Chaos batting - Pitching for Jackson HS Swamp Bats : RHP Peter Poe | Pitching: RHP Jack Bowden | | Batting: RHB Andy Norris | 0-0: Called Strike 0-1: Called Strike 0-2: Foul Ball, location: 2F 0-2: Foul Ball, location: 2F 0-2: Strikes out looking | Batting: LHB Chris Russell | 0-0: Called Strike 0-1: Ball 1-1: Fly out, F7 (Flyball, 78D) | Batting: RHB Jonathan Thompson | 0-0: SINGLE (Groundball, 6) (infield hit) | Batting: SHB Jimmy Bullock | 0-0: Called Strike 0-1: Ball 1-1: Foul Ball, location: 2F 1-2: Ball Throwing error on steal attempt, E2 Jonathan Thompson to third 2-2: Ball 3-2: Intentional Walk | Batting: RHB Warren Norton | 0-0: Ball 1-0: Ball 2-0: Called Strike 2-1: Swinging Strike 2-2: Foul Ball, location: 2F 2-2: Foul Ball, location: 2F 2-2: Foul Ball, location: 2F 2-2: Foul Ball, location: 2F 2-2: Ground out 4-3 (Groundball, 4) | Top of the 10th over - 0 runs, 1 hit, 1 error, 2 left on base; Indianapolis HS 8 - Jackson HS 8 | BOTTOM OF THE 10TH |
---|
Jackson HS Swamp Bats batting - Pitching for Indianapolis HS Chaos : LHP Johnny Mendoza | Pitching: RHP Ernest Gentry | | Batting: RHB Kevin Wilson | 0-0: Foul Ball, location: 2F 0-1: Swinging Strike 0-2: Strikes out swinging | Batting: RHB Jeremy Gibbs | 0-0: Ball 1-0: Swinging Strike 1-1: Called Strike 1-2: SINGLE (Groundball, 34S) (infield hit) | Batting: RHB Gabriel Vargas | 0-0: Called Strike 0-1: Swinging Strike 0-2: Ball 1-2: Foul Ball, location: 2F 1-2: Fielders Choice at 2nd, 5-4 (Groundball, 56) | Batting: RHB Russell Ferguson | 0-0: Ball 1-0: Ball 2-0: SINGLE (Groundball, 4MD) Gabriel Vargas to second Runner from 2nd tries for 3rd, SAFE, throw made to third | Pinch Hitting: LHB Joe Davis | 0-0: Called Strike 0-1: Foul Ball, location: 2F 0-2: Ball 1-2: Ball 2-2: Ball 3-2: Ground out 3-1 (Groundball, 34S) | Bottom of the 10th over - 0 runs, 2 hits, 0 errors, 2 left on base; Indianapolis HS 8 - Jackson HS 8 | TOP OF THE 11TH |
---|
Indianapolis HS Chaos batting - Pitching for Jackson HS Swamp Bats : RHP Jack Bowden | Now at 1B: William Martínez | | Batting: RHB Héctor Núñez | 0-0: Ball 1-0: Ball 2-0: Called Strike 2-1: Ball 3-1: Called Strike 3-2: Strikes out looking | Batting: LHB Jason Hudson | 0-0: Called Strike 0-1: Called Strike 0-2: SOLO HOME RUN (Flyball, 7D), Distance : 374 ft | Batting: RHB Brian Carriaga | 0-0: Ball 1-0: Ball 2-0: Called Strike 2-1: Foul Ball, location: 2F 2-2: Foul Ball, location: 2F 2-2: Ball 3-2: DOUBLE (Line Drive, 7LS) | Batting: RHB Bryan Reed | 0-0: Intentional Walk | Batting: RHB Andy Norris | 0-0: Ball 1-0: Called Strike 1-1: Fly out, F3 (Popup, 3F) | Batting: LHB Chris Russell | 0-0: Ground out 6-3 (Groundball, 6M) | Top of the 11th over - 1 run, 2 hits, 0 errors, 2 left on base; Indianapolis HS 9 - Jackson HS 8 | BOTTOM OF THE 11TH |
---|
Jackson HS Swamp Bats batting - Pitching for Indianapolis HS Chaos : RHP Ernest Gentry | Batting: RHB Brendon Bachman | 0-0: SINGLE (Flyball, 8RS) - OUT at second base trying to stretch hit. | Batting: LHB Harry McAndrew | 0-0: SINGLE (Line Drive, 3S) (infield hit) | Batting: RHB Jonathan Smith | 0-0: Grounds into double play, 6-4-3 (Groundball, 56) | Bottom of the 11th over - 0 runs, 2 hits, 0 errors, 0 left on base; Indianapolis HS 9 - Jackson HS 8 | |